 Dungeon Crawl Stone Soup version 0.31-a0-198-g2ad674f65e (webtiles) character file.

Game seed: 3706867551420636851

26484 porpoise the Markstengu (level 13, 0/75 HPs)
             Began as a Tengu Hunter on June 25, 2023.
             Was a High Priest of Hepliaklqana.
             Slain by a skyshark (7 damage)
             ... on level 3 of the Lair of Beasts.
             The game lasted 01:05:48 (14386 turns).

porpoise the Markstengu (Tengu Hunter)             Turns: 14386, Time: 01:05:49

Health: 0/75       AC:  8    Str: 13    XL:     13   Next: 26%
Magic:  14/17      EV: 21    Int: 10    God:    Hepliaklqana [*****.]
Gold:   854        SH:  0    Dex: 27    Spells: 12/12 levels left

rFire   . . .        b - +1 dagger (venom)
rCold   . . .        (no shield)
rNeg    + . .        N - +1 troll leather armour
rPois   +            (helmet restricted)
rElec   .            D - +0 cloak
rCorr   .            V - +0 pair of gloves
SInv    .            (boots unavailable)
Will    .....        (no amulet)
Stlth   +++          k - ring of poison resistance
HPRegen 1.12/turn    e - ring "Dajig" {rN+ Dex+6 Slay+3}
MPRegen 0.15/turn

%: no passive effects
@: mighty, flying quickly and evasively, studying 2 skills, quick
A: reduced essence, beak, talons 3, nimble flight
a: Renounce Religion, Recall Ancestor, Ancestor Identity, Transference, Idealise


You were on level 3 of the Lair of Beasts.
You worshipped Hepliaklqana.
Hepliaklqana was extremely pleased with you.
You visited 3 branches of the dungeon, and saw 16 of its levels.
You also visited: Bailey.

You collected 854 gold pieces.

Inventory:

Hand Weapons
 a - a +1 hand crossbow of freezing
 b - a +1 dagger of venom (weapon)
 d - a +0 orcbow
 w - a +1 shortbow of flaming
 P - a +1 longbow of flaming
Missiles
 i - 3 boomerangs
 K - 5 poisoned darts
Armour
 D - a +0 cloak (worn)
 N - a +1 troll leather armour (worn)
 V - a +0 pair of gloves (worn)
Magical Staves
 y - a staff of death
Jewellery
 c - a ring of see invisible
 e - the ring "Dajig" (right hand) {rN+ Dex+6 Slay+3}
   (You acquired it in a bailey)

   [ring of dexterity]

   Dex:       It affects your dexterity (+6).
   Slay:      It affects your accuracy & damage with ranged weapons and melee
   (+3).
   rN:        It protects you from negative energy.
 h - a ring of resist corrosion
 k - a ring of poison resistance (left hand)
 v - a ring of fire
 F - a ring of willpower
 G - a ring of protection from cold
Wands
 f - a wand of light (3)
 E - a wand of flame (35)
 L - a wand of mindburst (15)
 O - a wand of charming (5)
 Q - a wand of roots (27)
 R - a wand of polymorph (22)
Scrolls
 j - 2 scrolls of poison
 l - a scroll of enchant armour
 n - a scroll of vulnerability
 r - 3 scrolls of teleportation
 t - 2 scrolls of blinking
 u - 4 scrolls of identify
 x - a scroll of enchant weapon
 A - a scroll of brand weapon
 J - a scroll of immolation
 W - 2 scrolls of butterflies
Potions
 g - 3 potions of cancellation
 o - 2 potions of invisibility
 p - 3 potions of attraction
 q - 3 potions of haste
 s - a potion of ambrosia
 z - 3 potions of curing
 B - 2 potions of heal wounds
 C - 3 potions of enlightenment
 H - a potion of berserk rage
 I - 3 potions of lignification
 S - 2 potions of mutation
 U - a potion of brilliance
 Y - a potion of magic
Miscellaneous
 M - a sack of spiders
 T - a tin of tremorstones (2/2)


   Skills:
 + Level 11.3 Fighting
 + Level 4.1 Short Blades
 - Level 18.0 Ranged Weapons
 + Level 7.0 Armour
 - Level 7.0 Dodging
 - Level 5.0 Stealth
 - Level 5.0 Invocations
 - Level 5.0 Evocations


You had 12 spell levels left.
You didn't know any spells.
Your spell library contained the following spells:

 Spells                   Type           Power      Damage    Failure   Level
 Kiss of Death            Conj/Necr      0%         2d5       43%         1
 Sandblast                Erth           0%         2d4       43%         1
 Passwall                 Tmut/Erth      0%         N/A       56%         2
 Poisonous Vapours        Pois/Air       0%         N/A       56%         2
 Confusing Touch          Hex            0%         N/A       80%         3
 Dazzling Flash           Conj/Hex       0%         N/A       80%         3
 Gell's Gravitas          Tloc           0%         N/A       80%         3
 Mephitic Cloud           Conj/Pois/Air  0%         N/A       80%         3
 Stone Arrow              Conj/Erth      0%         3d7       80%         3
 Teleport Other           Tloc           0%         N/A       80%         3
 Vhi's Electric Charge    Tloc/Air       0%         N/A       80%         3
 Dispel Undead            Necr           0%         3d6       99%         4
 Agony                    Necr           0%         N/A       100%        5
 Arcjolt                  Conj/Air       0%         1d10      100%        5
 Freezing Cloud           Conj/Ice/Air   0%         6-21      100%        5
 Silence                  Hex/Air        0%         N/A       100%        5
 Dispersal                Tloc           0%         N/A       100%        6
 Plasma Beam              Fire/Air       0%         2x1d10    100%        6


Dungeon Overview and Level Annotations

Branches:
Dungeon (11/15)            Temple (1/1) D:4            Lair (4/5) D:8
  Swamp (0/4) Lair:2        Snake (0/4) Lair:3       Bailey (visited)
  Slime: Lair:4-5       Orc: D:9-12

Altars:
Ashenzari
Cheibriados
Dithmenos
Fedhas
Gozag
Hepliaklqana
Makhleb
Nemelex Xobeh
Ru
Sif Muna
Trog
Uskayaw
Vehumet
Wu Jian
Yredelemnul

Shops:
D:4 *   D:8 (**


Innate Abilities, Weirdness & Mutations

Your life essence is reduced to manifest your ancestor. (-10% HP)
You have a beak for a mouth.
You have claws for feet.
Your magical nature lets you fly swiftly and evasively.


Message History

The skyshark misses you. x2
You puncture the skyshark!
The skyshark looks as sick as possible!
You claw the skyshark. You peck the skyshark!
The skyshark is severely wounded.
The elephant tramples you!
You hold your ground!
The elephant trunk-slaps you.
* * * LOW HITPOINT WARNING * * *
Nikki hits the elephant with a +0 flail!!
You puncture the skyshark!
The skyshark looks as sick as possible!
The skyshark is severely wounded.
The skyshark barely misses you. The skyshark tail-slaps you!
* * * LOW HITPOINT WARNING * * *
The skyshark tail-slaps you but does no damage.
Nikki blocks the elephant's attack.
The elephant trunk-slaps Nikki but does no damage.
You feel much better. The skyshark bites you.
The skyshark enters a blood-rage!
The skyshark barely misses you. The skyshark closely misses you.
Nikki hits the elephant with a +0 flail!
The elephant dies!
You barely miss the skyshark. Your kick misses the skyshark.
Your peck misses the skyshark.
The skyshark is severely wounded.
The skyshark bites you!
* * * LOW HITPOINT WARNING * * *
The skyshark tail-slaps you.
* * * LOW HITPOINT WARNING * * *
The skyshark tail-slaps you!
* * * LOW HITPOINT WARNING * * *
Nikki barely misses the skyshark.
The skyshark attacks as you move away! The skyshark misses you.
The skyshark tail-slaps you but does no damage.
The skyshark tail-slaps you.
* * * LOW HITPOINT WARNING * * *
Nikki loses the glow of perfection.
The skyshark completely misses you. The skyshark barely misses you.
The skyshark tail-slaps you but does no damage.
You see here a yak corpse.
You hit the skyshark.
The skyshark looks as sick as possible!
The skyshark is almost dead.
The skyshark completely misses you. The skyshark tail-slaps you!
You die...

####........†.†....+......##.....
#..........#..###......####PP.
##..###.[##.### ##...P## ####
####..#.#.#### ###....P# ##.#
###....###...### #...##### #...
##.#...#.......###.#.## ### #...
#..'...#.......##P..#.####.# #...
..#P............#†.........###...
P.##.......>....@l..(......#.#...
.###.............R†.......#.#....
P##P...#..)....#.................
###P...#.......#..........##.'...
# ####'###...#######...##.#.#....
# #...#...# ##..########## #
###.P.### ##..## # # #.....#
###...#### # #######.##
###.....##.# #


You could see the friendly Nikki the knight and a skyshark (berserk, extremely
poisoned, ally target).

Vanquished Creatures
  A hydra (Lair:2)
  A two-headed ogre (D:9)
  A catoblepas (Lair:2)
  Pikel (D:6)
  A black mamba (Lair:3)
  6 cane toads
  A kobold demonologist (Bailey)
  4 komodo dragons
  8 rime drakes (Lair:3)
  5 trolls
  9 blink frogs
  A wraith (D:9)
  26 yaks
  3 basilisks
  5 wyverns
  8 steam dragons
  A swamp worm (Lair:2)
  3 nagas (Lair:3)
  3 water moccasins
  2 sky beasts
  An ice beast (D:8)
  2 black bears
  9 orc warriors
  6 ogres
  5 wolves (Lair:2)
  4 centaurs
  3 lemures (D:6)
  10 bullfrogs
  Blork the orc (D:6)
  2 kobold brigands
  A gnoll sergeant (D:9)
  4 scorpions
  10 wights
  6 killer bees
  9 electric eels
  A centaur zombie (D:7)
  4 hounds
  A bullfrog zombie (D:7)
  2 jellies
  5 orc priests
  A gnoll bouda (D:4)
  A sleepcap (D:6)
  5 iguanas
  6 orc wizards
  9 hell rats
  16 gnolls
  6 adders
  A white imp (D:6)
  2 worms (D:4)
  2 dart slugs
  40 orcs
  5 ball pythons
  8 endoplasms
  4 giant cockroaches
  13 hobgoblins
  3 quokkas
  4 bats
  6 frilled lizards
  22 goblins
  11 kobolds
  6 rats
347 creatures vanquished.

Vanquished Creatures (collateral kills)
  A hydra (Lair:2)
  An elephant (Lair:3)
  A troll (D:10)
  2 polar bears (Lair:3)
  3 yaks
  2 steam dragons
  2 sky beasts (D:6)
  An orc warrior (D:8)
  A lemure (D:6)
  A kobold brigand (D:7)
  A bullfrog (D:6)
  3 wights
  2 killer bees
  2 orc priests
  A gnoll bouda (D:8)
  An orc wizard (D:5)
  A gnoll (D:8)
  A white imp (D:8)
  7 orcs
  4 goblins
  A hobgoblin (Bailey)
  A kobold (D:8)
40 creatures vanquished.

Vanquished Creatures (others)
  Nessos (Lair:3)
  An orc sorcerer (Bailey)
  A rime drake (Lair:3)
  2 knights
  4 ancestors (D:6)
9 creatures vanquished.

Grand Total: 396 creatures vanquished

Notes
Turn   | Place    | Note
-------+----------+-------------------------------------------
     0 | D:1      | porpoise the Tengu Hunter began the quest for the Orb.
     0 | D:1      | Reached XP level 1. HP: 12/12 MP: 2/2
   189 | D:1      | Reached XP level 2. HP: 17/17 MP: 3/3
   577 | D:2      | Identified the +9 mace of Day {pain, rN++}
   609 | D:2      | Reached skill level 5 in Ranged Weapons
   609 | D:2      | Reached XP level 3. HP: 3/22 MP: 4/4
   892 | D:2      | Reached XP level 4. HP: 25/27 MP: 5/5
  1792 | D:3      | Gained mutation: Your magical nature lets you fly swiftly
                  | and evasively. [Tengu growth]
  1792 | D:3      | Reached XP level 5. HP: 32/32 MP: 6/6
  1814 | D:3      | Found a shimmering blue altar of Sif Muna.
  2078 | D:4      | Reached skill level 6 in Ranged Weapons
  2120 | D:4      | Reached XP level 6. HP: 9/37 MP: 7/7
  2311 | D:4      | Noticed a black bear
  2322 | D:4      | Killed a black bear
  2323 | D:4      | Reached skill level 7 in Ranged Weapons
  2439 | D:4      | Reached XP level 7. HP: 43/43 MP: 8/8
  2612 | D:4      | Found a staircase to the Ecumenical Temple.
  2627 | Temple   | Entered the Ecumenical Temple
  2639 | Temple   | Became a worshipper of Hepliaklqana the Forgotten
  2908 | D:4      | Found Vuexou's Fire Supplies.
  3005 | D:5      | Entered Level 5 of the Dungeon
  3461 | D:5      | You are sucked into a shaft and drop 1 floor!
  3648 | D:5      | Reached * piety under Hepliaklqana
  3687 | D:5      | Reached skill level 8 in Ranged Weapons
  3974 | D:5      | Reached XP level 8. HP: 30/43 MP: 9/9
  4402 | D:6      | Reached skill level 5 in Fighting
  4402 | D:6      | Reached skill level 5 in Stealth
  4402 | D:6      | Noticed Pikel
  4419 | D:6      | Killed Pikel
  4420 | D:6      | Reached skill level 9 in Ranged Weapons
  4606 | D:6      | Noticed Blork the orc
  4619 | D:6      | Killed Blork the orc
  4624 | D:6      | Reached skill level 10 in Ranged Weapons
  4697 | D:6      | Reached XP level 9. HP: 49/49 MP: 10/10
  4829 | D:6      | Found a large runed translucent door.
  4829 | D:6      | Found a large runed translucent door.
  4966 | D:6      | Noticed a troll
  4983 | D:6      | Found a large runed translucent door.
  4983 | D:6      | Found a large runed translucent door.
  4987 | D:6      | Killed a troll
  5093 | D:6      | Reached skill level 11 in Ranged Weapons
  5270 | D:6      | Noticed a troll
  5285 | D:6      | Killed a troll
  5493 | D:6      | Reached skill level 12 in Ranged Weapons
  5989 | D:7      | Reached XP level 10. HP: 28/56 MP: 11/11
  6200 | D:7      | Reached ** piety under Hepliaklqana
  6201 | D:7      | Remembered your ancestor Nikki as a knight
  6503 | D:7      | Found a broken altar of Ashenzari.
  6614 | D:7      | Found a basalt altar of Yredelemnul.
  6846 | D:8      | Reached skill level 13 in Ranged Weapons
  6917 | D:8      | Reached skill level 1 in Armour
  6985 | D:8      | Found a flagged portal.
  6997 | Bailey   | Entered a bailey
  7336 | Bailey   | Noticed a kobold demonologist
  7426 | Bailey   | Acquired a manual of Ranged Weapons
  7428 | Bailey   | Acquired a +1 hand crossbow of freezing
  7432 | Bailey   | Acquired the ring "Dajig" {rN+ Dex+6 Slay+3}
  7736 | Bailey   | Found an iron altar of Okawaru.
  7739 | Bailey   | Noticed an orc sorcerer
  7757 | Bailey   | Noticed a smoke demon
  7767 | Bailey   | Reached skill level 5 in Dodging
  7776 | Bailey   | Noticed a rust devil
  7943 | Bailey   | Noticed a sun demon
  7952 | Bailey   | Killed a kobold demonologist
  7953 | Bailey   | Reached skill level 14 in Ranged Weapons
  8345 | D:8      | Found Jeogixo's General Store.
  8348 | D:8      | Found Plog's Specific Store.
  8380 | D:8      | Found Sezo's Antique Weapon Shop.
  8559 | D:8      | Found a staircase to the Lair.
  8867 | Lair:1   | Entered Level 1 of the Lair of Beasts
  8881 | Lair:1   | Noticed a cane toad
  8886 | Lair:1   | Killed a cane toad
  8887 | Lair:1   | Reached XP level 11. HP: 60/60 MP: 12/12
  8894 | Lair:1   | Reached skill level 15 in Ranged Weapons
  8900 | Lair:1   | Reached skill level 5 in Armour
  9087 | Lair:1   | Reached *** piety under Hepliaklqana
  9135 | Lair:1   | Reached skill level 1 in Short Blades
 10101 | D:9      | Noticed a two-headed ogre
 10104 | D:9      | Killed a two-headed ogre
 10364 | D:9      | Reached skill level 1 in Invocations
 10486 | D:9      | Reached **** piety under Hepliaklqana
 10522 | D:9      | Found a sacrificial altar of Ru.
 10759 | D:9      | Found a bloodstained altar of Trog.
 10824 | D:9      | Identified the +6 hand axe of the Madman {heavy, rElec
                  | SInv}
 10848 | D:10     | Entered Level 10 of the Dungeon
 11122 | D:10     | Found a blossoming altar of Fedhas.
 11152 | D:10     | Reached skill level 16 in Ranged Weapons
 11300 | D:10     | Found a sparkling altar of Nemelex Xobeh.
 11589 | D:10     | Reached XP level 12. HP: 65/65 MP: 15/15
 12008 | Lair:2   | Noticed a catoblepas
 12014 | Lair:2   | Killed a catoblepas
 12127 | Lair:2   | Reached skill level 17 in Ranged Weapons
 12154 | Lair:2   | Reached ***** piety under Hepliaklqana
 12354 | Lair:2   | Noticed a six-headed hydra
 12356 | Lair:2   | Killed a six-headed hydra
 12363 | Lair:2   | Noticed a six-headed hydra
 12366 | Lair:2   | Killed a six-headed hydra
 12386 | Lair:2   | Reached skill level 18 in Ranged Weapons
 12387 | Lair:2   | Found a staircase to the Swamp.
 12525 | Lair:2   | Reached skill level 10 in Fighting
 12911 | Lair:3   | Reached skill level 1 in Evocations
 12976 | Lair:3   | Noticed Nessos
 12990 | Lair:3   | Your ally Nessos died
 13529 | Lair:3   | Found a staircase to the Snake Pit.
 13557 | Lair:3   | Reached XP level 13. HP: 74/74 MP: 17/17
 13825 | Lair:3   | Reached skill level 5 in Invocations
 14306 | Lair:3   | Reached skill level 5 in Evocations
 14386 | Lair:3   | Slain by a skyshark

Illustrated notes

Levels and vault maps discovered:
D:1:      lemuel_arrival_funnel, layout_rooms
D:2:      layout_basic, minmay_joined_circles
D:3:      layout_basic, mainiacjoe_overflow_paths, eino_tiny_chamber,
          kennysheep_generic_room_6
D:4:      layout_rooms, temple_hall, serial_forest, infiniplex_forest_end_1,
          infiniplex_forest_lined_room_, infiniplex_forest_lined_room_,
          infiniplex_forest_lined_room_3, infiniplex_forest_lined_ring,
          nicolae_shop_fire_sale [nicolae_sub_dead_trees]
D:5:      layout_loops_corners, minmay_ogre_servants
D:6:      layout_basic, minmay_hollow_rounded_squares, uniq_blork_the_orc,
          uniq_pikel
D:7:      layout_basic, lemuel_zombie_altar_yredelemnul, ashenzari_altar_1
D:8:      layout_loops_ring, erik_lair_dragon, enter_bailey_3, serial_shops,
          shop, nicolae_specific_store
D:9:      hellmonk_crumbling_castle, layout_irregular_city,
          lemuel_coloured_pillars_altar, trog_antimagical
D:10:     layout_basic, mainiacjoe_overflow_concentric_impassable,
          fedhas_ov_isle_minmay
D:11:     layout_long_grid, hiddenorc2_lemuel, serial_glass, glass_columns_a,
          glass_columns_c, serial_shops, shop, hellmonk_guarded_unrand_frostbite
Temple:   eino_wide_crystal_templ
Lair:1:   layout_cave_pods, st_stairs_7, serial_bayou_shore_a
Lair:2:   layout_roguey, palyth_hydra_swamp_entry, infiniplex_staircase_pool_2
Lair:3:   layout_roguey, minmay_snake_entry_guardpost_small,
          bobbens_dragon_lair_wall, uniq_nessos
Lair:4:   layout_regular_city, gammafunk_ghost_wrathful_warriors,
          beast_lair_carwin_11, grunt_megastairs_5

Skill      XL: |  1  2  3  4  5  6  7  8  9 10 11 12 13 |
---------------+----------------------------------------+-----
Ranged Weapons | 5 6 7 8 10 12 14 16 18 | 18.0
Stealth        | 2 3 4 5 |  5.0
Fighting       | 3 4 6 7 10 11 | 11.3
Dodging        | 3 6 7 |  7.0
Armour         | 4 7 |  7.0
Short Blades   | 4 |  4.1
Invocations    | 3 4 5 |  5.0
Evocations     | 3 5 |  5.0

Action                     |  1- 3 |  4- 6 |  7- 9 | 10-12 | 13-15 || total
---------------------------+-------+-------+-------+-------+-------++-------
  Melee: Dagger            |    30 |    49 |    87 |    46 |    34 ||   246
         Kick              |     6 |    17 |    24 |    23 |    16 ||    86
         Peck              |     4 |     7 |    16 |    16 |     8 ||    51
         Mace              |       |     5 |       |       |       ||     5
         Punch             |       |     1 |     1 |       |     1 ||     3
   Fire: Shortbow          |    60 |    85 |   262 |   303 |       ||   710
         Hand crossbow     |       |       |       |   262 |    45 ||   307
 Invoke: Ancestor Identity |       |       |     1 |       |       ||     1
         Recall Ancestor   |       |       |     3 |     6 |     1 ||    10
         Ancestor Life: Kn |       |       |       |     1 |       ||     1
         Idealise          |       |       |       |       |     1 ||     1
  Evoke: Wand              |       |       |       |    13 |       ||    13
    Use: Potion            |     1 |       |     1 |     2 |     2 ||     6
         Scroll            |       |     7 |     7 |    15 |       ||    29
   Stab: Sleeping          |       |       |     2 |     2 |       ||     4
         Distracted        |       |       |     1 |       |     2 ||     3
 Armour: Leather armour    |    11 |     5 |    25 |       |       ||    41
         Skin              |     8 |       |       |       |       ||     8
         Troll leather arm |       |       |     2 |    14 |    14 ||    30
  Dodge: Dodged            |    26 |    40 |    87 |    79 |    60 ||   292

Table legend: (Time is in decaauts)
 A = Elapsed time spent in this place.
 B = Non-inter-level travel time spent in this place.
 C = Inter-level travel time spent in this place.
 D = Time resting spent in this place.
 E = Time spent auto-exploring this place.
 F = Levels seen in this place.
 G = Mean time per level.
                   A        B        C        D        E       F      G
               +--------+--------+--------+--------+--------+-----+--------+
         Total |  13508 |  12937 |    571 |   3019 |   6917 |  17 |  794.6 |
       Dungeon |   9191 |   8813 |    378 |   2032 |   5009 |  11 |  835.5 |
        Temple |     21 |     13 |      8 |      0 |      3 |   1 |   21.0 |
          Lair |   3289 |   3105 |    184 |    611 |   1884 |   4 |  822.2 |
        Bailey |   1006 |   1006 |      0 |    376 |     19 |   1 | 1006.0 |
               +--------+--------+--------+--------+--------+-----+--------+

Top non-repeatable levels by time:
     D:6: 1456 daAuts
  Lair:3: 1235 daAuts
     D:5: 1180 daAuts
  Lair:1: 1057 daAuts
  Bailey: 1006 daAuts
     D:8: 996 daAuts
  Lair:2: 987 daAuts
     D:7: 908 daAuts
    D:10: 907 daAuts
     D:4: 896 daAuts
     D:2: 855 daAuts
     D:9: 763 daAuts
     D:3: 642 daAuts
     D:1: 528 daAuts
    D:11: 56 daAuts
